 Dungeon Crawl Stone Soup version 0.26.1-2-gb8aa6d0cf2 (webtiles) character file.

Game seed: 13549868044820137387

11699 Gabide the Basher (level 11, 0/97 HPs)
             Began as a Palentonga Fighter on Feb 8, 2021.
             Was a High Priest of Okawaru.
             Slain by a cyclops (3 damage)
             ... while petrified by Jorgrun
             ... on level 1 of the Orcish Mines on Feb 9, 2021.
             The game lasted 00:47:06 (12510 turns).

Gabide the Basher (Palentonga Fighter)             Turns: 12510, Time: 00:47:06

Health: 0/97       AC: 31    Str: 22    XL:     11   Next: 52%
Magic:  0/12       EV:  1    Int: 15    God:    Okawaru [*****.]
Gold:   465        SH:  0    Dex: 17    Spells: 10/10 levels left

rFire    . . .     SeeInvis +   J - +7 great mace of Oenomania {freeze, Will+ Int+7}
rCold    . . .     Faith    .   (shield currently unavailable)
rNeg     + + +     Spirit   +   b - +0 plate armour
rPois    ∞         Reflect  .   u - +0 helmet
rElec    .         Harm     .   m - +0 cloak (curse)
rCorr    .         Rampage  .   (no gloves)
Will     +....                  x - +4 barding {Fly}
Stlth    ..........             l - amulet of guardian spirit
HPRegen  0.26/turn              i - +6 ring of dexterity
MPRegen  0.13/turn              B - ring of poison resistance

@: petrified, flying, curled up
A: large, rugged brown scales 3, see invisible, deformed body, roll 1, armoured
tail, reflexive curl
a: Rolling Charge, Stop Flying, Renounce Religion, Heroism, Finesse


You were on level 1 of the Orcish Mines.
You worshipped Okawaru.
Okawaru was extremely pleased with you.
You visited 2 branches of the dungeon, and saw 12 of its levels.

You collected 895 gold pieces.
You spent 430 gold pieces at shops.

Inventory:

Hand Weapons
 J - the +7 great mace of Oenomania (weapon) {freeze, Will+ Int+7}
   (Okawaru gifted it to you on level 11 of the Dungeon)

   It has been specially enchanted to freeze those struck by it, causing extra
   injury to most foes and up to half again as much damage against particularly
   susceptible opponents.
   It can also slow down cold-blooded creatures.
   It affects your intelligence (+7).
   It affects your willpower, your defense against some magical effects.
Armour
 b - a +0 plate armour (worn)
 m - a cursed +0 cloak (worn)
 u - a +0 helmet (worn)
 x - a +4 barding of flying (worn)
Jewellery
 i - a +6 ring of dexterity (left hand)
 l - an amulet of guardian spirit (around neck)
 t - an uncursed amulet of magic regeneration {unknown}
 z - an uncursed amulet of regeneration {unknown}
 B - a ring of poison resistance (right hand)
Wands
 q - a wand of digging (3)
 r - a wand of polymorph (7)
 s - a wand of random effects (63)
Scrolls
 f - 6 scrolls of remove curse
 h - 2 scrolls of fear
 k - 4 scrolls of teleportation
 w - a scroll of magic mapping
 G - a scroll of fog
Potions
 e - 3 potions of attraction
 o - 3 potions of ambrosia
 p - 2 potions of brilliance
 v - 4 potions of curing
 A - 3 potions of flight
 D - a potion of resistance
 E - a potion of berserk rage
 F - a potion of might
 H - a potion of mutation


   Skills:
 * Level 6.8 Fighting
 * Level 12.8 Maces & Flails
 + Level 8.3 Armour
 + Level 3.2 Dodging
 - Level 4.6 Shields
 * Level 2.4 Invocations


You had 10 spell levels left.
You didn't know any spells.
Your spell library contained the following spells:

 Spells                   Type           Power        Failure   Level
 Animate Skeleton         Necr           0%           99%         1
 Apportation              Tloc           0%           99%         1
 Corona                   Hex            0%           99%         1
 Foxfire                  Conj/Fire      0%           99%         1
 Summon Small Mammal      Summ           0%           99%         1
 Conjure Flame            Conj/Fire      0%           100%        3
 Inner Flame              Hex/Fire       0%           100%        3
 Petrify                  Tmut/Erth      0%           100%        4
 Sticky Flame             Conj/Fire      0%           100%        4
 Fireball                 Conj/Fire      0%           100%        5


Dungeon Overview and Level Annotations

Branches:
Dungeon (11/15)            Temple (0/1) D:6            Lair (0/6) D:11
    Orc (1/2) D:11

Altars:
Ashenzari
Cheibriados
Dithmenos
Fedhas
Gozag
Makhleb
Okawaru
Qazlal
Sif Muna
Trog
Wu Jian
Yredelemnul
The Shining One

Shops:
D:7 =   D:8 !   D:10 =   D:11 :

Annotations:
Orc:1 Jorgrun


Innate Abilities, Weirdness & Mutations

You are completely covered in rugged brown scales. (AC +3, +7% HP)
You have supernaturally acute eyesight. (SInv)
Armour fits poorly on your strangely shaped body.
You can roll at nearby foes to attack.
You have a long armoured tail.
You curl defensively after being hit.


Message History

The troll bites you!
The troll claws you but does no damage. x2
The cyclops hits you but does no damage.
The troll bites you but does no damage. The troll claws you but does no damage.
The troll claws you. The troll bites you but does no damage.
The troll claws you but does no damage. x2
The cyclops hits you but does no damage.
Jorgrun casts a spell at you. The iron shot hits you!!
The troll bites you but does no damage.
The troll claws you but does no damage. x2
Jorgrun hits you but does no damage. The cyclops hits you!!
* * * LOW HITPOINT WARNING * * *
The troll bites you but does no damage. The troll claws you but does no damage.
The troll claws you.
* * * LOW HITPOINT WARNING * * *
Jorgrun casts a spell at you. The iron shot hits you!!!
* * * LOW HITPOINT WARNING * * *
The cyclops hits you.
You die...

$......##.###
............##...##
.#................#
..................###
#..(...............##
#..).$...$...##...$.##
..#...$....>...#....$.#
. #.#.........$C.....#
....#.(.......T@.#
................g....#
......#...........#.##
#..C...#...........##
.............#.....#
#.....##.##.##....##
#....# ###..#....##
##... .#.....##


You could see Jorgrun, a cyclops and a troll.

Vanquished Creatures
  Harold (D:8)
  Urug (D:11)
  The ghost of RaHiT the Covert, a novice OpDe (D:5)
  An ugly thing (D:11)
  A cyclops (D:9)
  Joseph (D:8)
  A gargoyle (D:10)
  2 trolls (D:9)
  Grinder (D:3)
  Prince Ribbit (D:5)
  A ynoxinul (D:9)
  A shadow (D:11)
  A wraith (D:11)
  8 yaks (D:9)
  Grum (D:7)
  2 two-headed ogre zombies (D:11)
  5 orc warriors
  4 ice beasts
  3 sky beasts
  2 black bears
  6 phantoms
  An eye of draining (D:11)
  A necrophage (D:9)
  4 ogres
  4 wolves (D:7)
  5 centaurs
  4 big kobolds
  4 bullfrogs
  6 killer bees (D:8)
  2 troll zombies (D:11)
  A scorpion (D:10)
  7 wights
  A centaur zombie (D:7)
  A quasit (D:8)
  3 hounds
  2 centaur skeletons (D:4)
  9 orc priests
  4 jellies
  10 orc wizards
  2 bullfrog skeletons
  Terence (D:2)
  3 iguanas
  Ijyb (D:4)
  5 worker ants
  4 ogre zombies (D:11)
  A hound zombie (D:9)
  2 hound skeletons
  A worker ant zombie (D:10)
  6 gnolls
  2 howler monkey skeletons
  13 adders
  3 white imps
  2 ufetubi
  An adder skeleton (D:9)
  An adder zombie (D:8)
  3 worms
  6 leopard geckos
  45 orcs
  A ball python (D:1)
  7 bats
  9 giant cockroaches
  5 goblins
  8 hobgoblins
  8 jackals
  19 kobolds
  3 quokkas
  5 frilled lizards
  3 goblin skeletons (D:11)
  3 goblin zombies (D:11)
  A hobgoblin skeleton (D:11)
  A hobgoblin zombie (D:11)
  A leopard gecko zombie (D:6)
  3 orc skeletons (D:11)
  13 orc zombies (D:11)
  2 rats (D:1)
308 creatures vanquished.

Vanquished Creatures (others)
  7 fungi (D:3)
7 creatures vanquished.

Grand Total: 315 creatures vanquished

Notes
Turn   | Place    | Note
-------+----------+-------------------------------------------
     0 | D:1      | Gabide the Palentonga Fighter began the quest for the Orb.
     0 | D:1      | Reached XP level 1. HP: 20/20 MP: 1/1
   291 | D:1      | Reached XP level 2. HP: 26/27 MP: 2/2
   699 | D:2      | Reached XP level 3. HP: 12/33 MP: 3/3
   715 | D:2      | HP: 1/33 [gnoll (6)]
   719 | D:2      | Reached skill level 3 in Maces & Flails
  1093 | D:2      | Noticed Terence
  1097 | D:2      | Reached XP level 4. HP: 40/40 MP: 4/4
  1104 | D:2      | Killed Terence
  1754 | D:3      | Reached skill level 4 in Maces & Flails
  1754 | D:3      | Reached XP level 5. HP: 44/48 MP: 5/5
  2153 | D:3      | Reached skill level 1 in Dodging
  2333 | D:3      | Reached XP level 6. HP: 53/55 MP: 6/6
  2572 | D:3      | Found an opulent altar of Gozag.
  2572 | D:3      | Found a snail-covered altar of Cheibriados.
  2598 | D:4      | Noticed Grinder
  2600 | D:4      | Paralysed by Grinder for 4 turns
  2731 | D:4      | Reached skill level 5 in Maces & Flails
  2757 | D:3      | Killed Grinder
  2758 | D:3      | Gained mutation: You curl defensively after being hit.
                  | [Palentonga growth]
  2758 | D:3      | Reached XP level 7. HP: 17/62 MP: 7/7
  3061 | D:4      | Reached skill level 6 in Maces & Flails
  3114 | D:4      | Found an iron altar of Okawaru.
  3164 | D:4      | Became a worshipper of Warmaster Okawaru
  3377 | D:4      | Noticed Ijyb
  3386 | D:4      | Killed Ijyb
  3657 | D:4      | Reached skill level 7 in Maces & Flails
  3657 | D:4      | Reached XP level 8. HP: 64/70 MP: 6/8
  3932 | D:5      | Entered Level 5 of the Dungeon
  3935 | D:5      | Found a shadowy altar of Dithmenos.
  4088 | D:5      | Found a runed translucent door.
  4093 | D:5      | Noticed RaHiT's ghost (novice OpDe)
  4371 | D:5      | Found a glowing golden altar of the Shining One.
  4373 | D:5      | Noticed Prince Ribbit
  4632 | D:5      | Killed Prince Ribbit
  4633 | D:5      | Reached skill level 8 in Maces & Flails
  5347 | D:5      | Killed RaHiT's ghost
  5347 | D:5      | Reached * piety under Okawaru
  5672 | D:6      | Found an ornate altar of the Wu Jian Council.
  5741 | D:6      | Found a staircase to the Ecumenical Temple.
  5798 | D:6      | Found a blossoming altar of Fedhas.
  5824 | D:6      | Reached XP level 9. HP: 44/78 MP: 1/9
  5998 | D:6      | Identified a scroll of acquirement
  5998 | D:6      | Acquired a +2 barding of flying
  6301 | D:6      | Reached skill level 5 in Fighting
  6301 | D:6      | Reached skill level 9 in Maces & Flails
  6492 | D:7      | Reached skill level 5 in Armour
  6499 | D:7      | Reached ** piety under Okawaru
  6688 | D:7      | Found Akleohet's Jewellery Shoppe.
  6697 | D:7      | Bought an uncursed ring of poison resistance for 220 gold
                  | pieces
  7352 | D:7      | Found a burning altar of Makhleb.
  7404 | D:8      | Noticed Grum
  7416 | D:7      | Reached skill level 10 in Maces & Flails
  7801 | D:7      | Reached *** piety under Okawaru
  7881 | D:7      | Killed Grum
  8083 | D:7      | Reached XP level 10. HP: 75/87 MP: 6/10
  8246 | D:8      | Found a shadowy altar of Dithmenos.
  8870 | D:8      | Found Ninoapra's Distillery.
  8873 | D:8      | Bought a potion of heal wounds for 70 gold pieces
  8873 | D:8      | Bought a potion of resistance for 140 gold pieces
  9064 | D:8      | Noticed Harold
  9080 | D:8      | Killed Harold
  9080 | D:8      | Reached **** piety under Okawaru
  9081 | D:8      | Reached skill level 11 in Maces & Flails
  9214 | D:8      | Noticed Joseph
  9221 | D:8      | Killed Joseph
  9558 | D:9      | Found a stormy altar of Qazlal.
  9659 | D:9      | Reached ***** piety under Okawaru
  9859 | D:9      | Found a shimmering blue altar of Sif Muna.
  9885 | D:9      | Identified Sif Muna's Grimoire of Changing
 10033 | D:9      | Found a bloodstained altar of Trog.
 10093 | D:9      | Noticed a cyclops
 10098 | D:9      | Killed a cyclops
 10327 | D:9      | Reached skill level 12 in Maces & Flails
 10327 | D:9      | Reached XP level 11. HP: 96/96 MP: 11/11
 10485 | D:9      | Found a broken altar of Ashenzari.
 10487 | D:9      | Found a basalt altar of Yredelemnul.
 10585 | D:9      | Found a glowing golden altar of the Shining One.
 10621 | D:10     | Entered Level 10 of the Dungeon
 10632 | D:10     | Found Okaexagg's Jewellery Emporium.
 11134 | D:10     | Reached skill level 1 in Invocations
 11448 | D:11     | Noticed Urug
 11458 | D:11     | Killed Urug
 11459 | D:11     | Found Ukkishej's Book Emporium.
 11524 | D:11     | Noticed a red ugly thing
 11538 | D:11     | Killed a red ugly thing
 11758 | D:11     | Found a staircase to the Lair.
 11765 | D:11     | Received a gift from Okawaru
 11766 | D:11     | Got a smoking great mace {god gift}
 11767 | D:11     | Identified the +7 great mace of Oenomania {freeze, Will+
                  | Int+7} (Okawaru gifted it to you on level 11 of the
                  | Dungeon)
 11875 | D:11     | Found a staircase to the Orcish Mines.
 12151 | Orc:1    | Entered Level 1 of the Orcish Mines
 12151 | Orc:1    | Noticed Jorgrun
 12509 | Orc:1    | HP: 3/97 [Jorgrun/iron shot (22)]
 12510 | Orc:1    | Slain by a cyclops

Illustrated notes

Levels and vault maps discovered:
D:1:      mrwooster_arrival_arrow, layout_loops_cross, minmay_worlds_worst_comb
D:2:      layout_rooms, minivault_19, grunt_decor_one_mirror,
          serial_bayou_pond_e, minmay_misc_feat_more_columns, uniq_terence
D:3:      layout_basic, gammafunk_temple_overflow_statue, serial_curves,
          eino_curves_03, eino_curves_03, minmay_misc_feat_plants,
          corexii_leaking_fountain
D:4:      layout_basic, overflow_temple_1_default, uniq_grinder, uniq_ijyb
D:5:      layout_basic, old_standard_altar, ebering_ghost_sewer_d,
          nicolae_dithmenos_shadow_blocks, uniq_prince_ribbit1
D:6:      layout_loops_ring, nzn_wu_jian_council_hall,
          fedhas_bush_and_centaur_altar, minmay_temple_entry_glass,
          minmay_misc_feat_rows
D:7:      layout_rooms, old_standard_altar, serial_shops,
          nicolae_shop_window_shopping
D:8:      layout_cave_pods, lemuel_doored_altar, serial_shops, kennysheep_mini,
          uniq_harold, uniq_grum, uniq_joseph
D:9:      layout_long_grid, nzn_overflow_gifts_of_might_and_magic,
          general_overflow_altar, gammafunk_temple_overflow_wave,
          nicolae_tso_swordbearing_angel
D:10:     layout_cave_pods, serial_shops, shop
D:11:     layout_small_grid, lair_entry_dummy, zombieorc2_lemuel, serial_shops,
          nicolae_shop_statue_plus, uniq_urug
Orc:1:    layout_caves, uniq_jorgrun

Skill      XL: |  1  2  3  4  5  6  7  8  9 10 11 |
---------------+----------------------------------+-----
Maces & Flails | 3 4 5 7 8 10 12 | 12.8
Shields        | 3 4 |  4.6
Dodging        | 1 2 3 |  3.2
Armour         | 3 4 6 7 8 |  8.3
Fighting       | 4 5 6 |  6.8
Invocations    | 2 |  2.4

Action                   |  1- 3 |  4- 6 |  7- 9 | 10-12 || total
-------------------------+-------+-------+-------+-------++-------
Melee: Flail             |   100 |   134 |   292 |       ||   526
       Tailslap          |     7 |    15 |    66 |    76 ||   164
       Dire flail        |       |       |    70 |   315 ||   385
       Great mace        |       |       |       |    99 ||    99
Invok: Heroism           |       |       |     1 |     1 ||     2
 Abil: Rolling Charge    |    16 |    15 |    57 |    69 ||   157
  Use: Scroll            |     6 |     3 |    11 |    10 ||    30
       Potion            |     5 |       |     2 |     6 ||    13
Armor: Scale mail        |    34 |    63 |    94 |       ||   191
       Chain mail        |       |       |    95 |   237 ||   332
       Plate armour      |       |       |       |   272 ||   272
Dodge: Dodged            |    30 |    32 |    93 |   167 ||   322
Block: Kite shield       |    42 |    67 |   129 |       ||   238
